AoeStats
← GardenToad

Arena

508562432Analyzed
2v2 RM · 10d ago on Sep 23, 2026· 56m 35s· 4 players
Game mode
Random Map
Map size
Medium (4 player)
Population
200
Speed
Normal
Resources
Standard
Victory
Conquest
Starting age
Dark Age
Ending age
Imperial Age
RankedLock teamsTeams togetherTeam positionsShared explorationLock speedFull tech treeHidden civsTurbo modeCheats
Victory
Defeat
🇪🇨 Burgundians · Ecuador
1036
+14
🇬🇧 Poles · United Kingdom
975
+17
🇮🇳 Gurjaras · India
1027
-17
🇺🇸 Khmer · United States
957
-41
The Invisible Man
11:51 Feudal Age
16:09 Castle Age
14:02 Horse Collar
15:21 Double-Bit Axe
15:32 Gold Mining
18:28 Heavy Plow
22:05 Wheelbarrow
23:14 Town Watch
23:49 Hand Cart
23:23 Loom
23:31 Stone Mining
23:53 Bow Saw
27:59 Stone Shaft Mining
30:14 Imperial Age
29:06 Scale Barding Armor
29:12 Forging
31:03 Chain Barding Armor
31:19 Iron Casting
30:51 Szlachta Privileges
31:17 Husbandry
31:27 Bloodlines
31:43 Conscription
31:53 Conscription
31:54 Town Patrol
31:24 Cavalier
33:55 Chemistry
33:17 Ballistics
34:08 Crop Rotation
35:16 Fletching
35:27 Padded Archer Armor
36:28 Blast Furnace
36:58 Bodkin Arrow
37:50 Bombard Tower
37:39 Siege Engineers
37:08 Elite Skirmisher
38:38 Thumb Ring
43:34 Bracer
43:50 Leather Archer Armor
54:51 Pikeman
55:32 Squires
55:39 Scale Mail Armor
55:49 Caravan
56:43 Chain Mail Armor
56:14 Capped Ram
andy_marcelo2012
7:02 Loom
9:25 Feudal Age
15:03 Castle Age
13:04 Horse Collar
13:12 Double-Bit Axe
20:37 Wheelbarrow
21:25 Gold Mining
21:38 Heavy Plow
22:25 Hand Cart
24:40 Forging
24:37 Scale Barding Armor
24:50 Bow Saw
24:34 Stone Mining
26:34 Stone Shaft Mining
28:37 Iron Casting
28:02 Scale Mail Armor
31:12 Imperial Age
29:17 Chain Barding Armor
28:44 Pikeman
30:19 Husbandry
30:39 Chain Mail Armor
30:35 Town Watch
32:27 Plate Mail Armor
32:57 Blast Furnace
33:41 Gold Shaft Mining
34:13 Chemistry
32:37 Onager
33:34 Fletching
33:44 Padded Archer Armor
33:32 Cavalier
35:20 Town Patrol
35:20 Bodkin Arrow
36:00 Plate Barding Armor
35:49 Halberdier
35:53 Light Cavalry
36:22 Paladin
37:23 Hussar
39:03 Ballistics
41:21 Bracer
41:37 Leather Archer Armor
Just started
10:28 Feudal Age
12:34 Horse Collar
17:06 Castle Age
14:53 Loom
16:46 Wheelbarrow
16:10 Double-Bit Axe
20:56 Bow Saw
21:22 Heavy Plow
22:25 Gold Mining
23:10 Hand Cart
22:42 Town Watch
29:28 Imperial Age
27:15 Fletching
27:26 Padded Archer Armor
28:48 Stone Mining
29:35 Gold Shaft Mining
29:23 Bloodlines
29:13 Husbandry
28:57 Treadmill Crane
29:25 Bodkin Arrow
29:46 Leather Archer Armor
29:56 Ballistics
29:32 Murder Holes
29:48 Masonry
30:21 Stone Shaft Mining
30:27 Thumb Ring
30:27 Bracer
31:29 Crop Rotation
32:25 Conscription
32:57 Kshatriyas
32:42 Elite Elephant Archer
35:27 Chemistry
34:57 Architecture
36:25 Hoardings
36:32 Town Patrol
37:24 Frontier Guards
39:55 Devotion
49:35 Scale Barding Armor
49:40 Forging
49:10 Heavy Camel Rider
51:05 Chain Barding Armor
51:49 Iron Casting
55:32 Light Cavalry
GardenToad
3:43 Loom
11:41 Feudal Age
12:17 Double-Bit Axe
12:15 Horse Collar
15:58 Wheelbarrow
15:20 Gold Mining
20:20 Castle Age
19:18 Bloodlines
19:40 Stone Mining
22:11 Forging
22:01 Scale Mail Armor
22:07 Scale Barding Armor
22:35 Light Cavalry
23:05 Crossbowman
23:48 Padded Archer Armor
23:38 Fletching
25:51 Husbandry
30:49 Heavy Plow
31:02 Bow Saw
35:53 Imperial Age
35:30 Hand Cart
35:50 Fletching
36:15 Leather Archer Armor
36:36 Iron Casting
36:16 Chain Mail Armor
37:35 Careening
37:36 Fortified Wall
37:25 Murder Holes
37:48 Masonry
39:19 Chemistry
38:40 Ballistics
Connection lost

Rejoining the realm…

Still unreachable

The connection could not be restored.

Session expired

The server has moved on; the page needs a fresh start.